 Dungeon Crawl Stone Soup version 0.28.0-53-g5a82cb258f (webtiles) character file.

Game seed: 15446173678844160191

221 Tirrikindir the Ducker (level 5, -8/37 HPs)
             Began as an Octopode Fighter on Aug 15, 2022.
             Was a Believer of Qazlal.
             Mangled by a gnoll sergeant
             ... wielding a +0 spear
              (14 damage)
             ... on level 4 of the Dungeon.
             The game lasted 00:05:20 (2555 turns).

Tirrikindir the Ducker (Octopode Fighter)           Turns: 2555, Time: 00:05:21

Health: -8/37      AC:  1    Str: 15    XL:     5   Next: 98%
Magic:  6/6        EV: 14    Int: 10    God:    Qazlal [**....]
Gold:   94         SH:  7    Dex: 14    Spells: 4/4 levels left

rFire   . . .      SeeInvis .   d - +3 double sword (elec)
rCold   . . .      Faith    .   b - +0 buckler
rNeg    . . .      Spirit   .   (helmet restricted)
rPois   .          Reflect  .   (no amulet)
rElec   .          Harm     .   (no ring)
rCorr   .          Rampage  .   (no ring)
Will    .....                   (no ring)
Stlth   ++........              (no ring)
HPRegen 0.12/turn               (no ring)
MPRegen 0.10/turn               (no ring)
                                (no ring)
                                (no ring)

@: no status effects
A: almost no armour, amphibious, 8 rings, camouflage 1, gelatinous body 1,
(nimble swimmer 1), tentacles
a: Renounce Religion, Upheaval


You were on level 4 of the Dungeon.
You worshipped Qazlal.
Qazlal was pleased with you.
You visited 1 branch of the dungeon, and saw 4 of its levels.

You collected 94 gold pieces.

Inventory:

Hand Weapons
 d - a +3 double sword of electrocution (weapon)
 g - a +2 dagger of venom
Missiles
 n - 7 poisoned darts (quivered)
Armour
 b - a +0 buckler (worn)
Scrolls
 e - a scroll of amnesia
 h - 2 scrolls of teleportation
 i - a scroll of summoning
 j - a scroll of noise {unknown}
 o - a scroll of fear {unknown}
Potions
 a - a potion of haste {unknown}
 c - a potion of might
 f - a potion of attraction {unknown}
 k - a potion of heal wounds
 l - a potion of curing
 m - a potion of berserk rage


   Skills:
 + Level 3.7 Fighting
 * Level 3.7 Long Blades
 + Level 3.8 Dodging
 - Level 1.3 Stealth
 + Level 3.7 Shields
 + Level 1.9 Invocations


You had 4 spell levels left.
You didn't know any spells.
Your spell library contained the following spells:

 Spells                   Type           Power      Damage    Failure   Level
 Gell's Gravitas          Tloc           0%         N/A       83%         3
 Lesser Beckoning         Tloc           0%         N/A       83%         3
 Teleport Other           Tloc           0%         N/A       83%         3


Dungeon Overview and Level Annotations

Branches:
Dungeon (4/15)
 Temple: D:4-7

Altars:
Kikubaaqudgha
Qazlal


Innate Abilities, Weirdness & Mutations

You cannot wear most types of armour.
You are amphibious.
You can wear up to eight rings at the same time.
Your skin changes colour to match your surroundings (Stealth+).
Your rubbery body absorbs attacks. (AC +1, EV +1)
((You are camouflaged when in or above water. (Stealth+)))
You have tentacles for arms and can constrict up to eight enemies at once.


Message History

Found a runed whip.
You see here a +4 whip.
There is an open door here.
You open the door.
Done exploring.
(D) Dungeon
Where to? (Enter - D:3, ? - help)
There is an open door here.
There is a stone staircase leading down here.
You climb downwards.
You hear the sound of rushing water.
There is an entrance to a sewer on this level.
Hurry and find it before the portal rusts away!
There is a stone staircase leading up here.
Okay, then.
Found a stone staircase leading down.
A black bear comes into view.
There is a stone staircase leading down here.
You hear an angry growl.
You hear a shout! x4
The black bear bites you! The black bear claws you. The black bear misses you.
You slash the black bear! You grab the black bear.
The black bear is severely wounded.
You constrict the black bear. The black bear misses you.
The black bear claws you. x2
You hit the black bear. You squeeze the black bear.
You kill the black bear!
Qazlal accepts your kill.
A gnoll sergeant comes into view. It is wielding a +0 spear.
The gnoll sergeant hits you from afar with a +0 spear!
* * * LOW HITPOINT WARNING * * *
You hear a shout!
You block the gnoll sergeant's attack.
You hear a shout!
You closely miss the gnoll sergeant. You grab the gnoll sergeant.
You constrict the gnoll sergeant. You block the gnoll sergeant's attack.
You slash the gnoll sergeant!
Lightning courses through the gnoll sergeant!
The gnoll sergeant is almost dead.
You constrict the gnoll sergeant, but do no damage.
The gnoll sergeant hits you with a +0 spear!
You die...

###. .## ..#
#...#.. ..#
#.#... #.#
#.##.# #.#
##.##<#
###.###...#.#
........>..#
#g#.##.##.###
#@.#..........
#.#†.#.##.####
#......#.##
####..#.#
..#.## #####


You could see a gnoll sergeant.

Vanquished Creatures
  A black bear (D:4)
  A centaur zombie (D:3)
  A gnoll (D:2)
  3 adders
  4 dart slugs
  7 ball pythons
  5 bats
  2 endoplasms
  A giant cockroach (D:1)
  8 goblins
  9 hobgoblins
  2 quokkas
  4 frilled lizards
  4 kobolds
  4 rats
56 creatures vanquished.

Notes
Turn   | Place    | Note
-------+----------+-------------------------------------------
     0 | D:1      | Tirrikindir the Octopode Fighter began the quest for the
                  | Orb.
     0 | D:1      | Reached XP level 1. HP: 16/16 MP: 1/1
   227 | D:1      | Reached XP level 2. HP: 17/21 MP: 2/2
   368 | D:1      | Reached skill level 1 in Stealth
   584 | D:1      | Reached XP level 3. HP: 26/26 MP: 3/3
   593 | D:1      | Found a faded altar of an unknown god.
   598 | D:1      | Prayed at the altar of an unknown god.
   598 | D:1      | Became a worshipper of Qazlal Stormbringer
   598 | D:1      | Reached * piety under Qazlal
  1223 | D:2      | Reached XP level 4. HP: 19/31 MP: 4/4
  1543 | D:2      | Reached ** piety under Qazlal
  1544 | D:2      | Reached skill level 1 in Invocations
  1816 | D:3      | Identified a scroll of acquirement
  1817 | D:3      | Acquired a +3 double sword of electrocution
  1930 | D:3      | Found a faded altar of an unknown god.
  1933 | D:3      | Found an ancient bone altar of Kikubaaqudgha.
  2010 | D:3      | Reached XP level 5. HP: 32/36 MP: 5/5
  2543 | D:4      | Noticed a black bear
  2549 | D:4      | Killed a black bear
  2555 | D:4      | Mangled by a gnoll sergeant

Illustrated notes

Levels and vault maps discovered:
D:1:      lemuel_arrival_cross, layout_basic, chequers_ecumenical_altar_grove
D:2:      layout_rooms, grunt_ministairs_12, nrook_campfire, minmay_box_of_dots
D:3:      layout_basic, nicolae_overflow_ecumenical_swirl, grunt_ministairs_9
D:4:      layout_loops_ring, cheibrodos_sewer_entry_bend,
          nicolae_zen_rock_garden, corexii_leaking_fountain,
          kennysheep_generic_room_5

Skill      XL: |  1  2  3  4 |
---------------+-------------+-----
Stealth        | 1 |  1.3
Long Blades    | 3 |  3.7
Invocations    | 1 |  1.9
Fighting       | |  3.7
Dodging        | |  3.8
Shields        | |  3.7

Action                   |  1- 3 |  4- 6 || total
-------------------------+-------+-------++-------
Melee: Long sword        |    61 |    17 ||    78
       Constrict         |    20 |     6 ||    26
       Tentacles         |     4 |     3 ||     7
       Punch             |     1 |     1 ||     2
       Double sword      |       |    13 ||    13
  Use: Scroll            |     1 |     4 ||     5
       Potion            |       |     3 ||     3
 Stab: Sleeping          |     5 |       ||     5
Armor: Skin              |     5 |     5 ||    10
Dodge: Dodged            |    36 |    19 ||    55
Block: Buckler           |    15 |    13 ||    28
